 Dungeon Crawl Stone Soup version 0.21-a0-274-gc1afaeb (webtiles) character file.

12996 Muataran the Fighter (level 11, -6/107 HPs)
             Began as a Minotaur Berserker on Sept 19, 2017.
             Was a High Priest of Trog.
             Mangled by an eight-headed hydra (12 damage)
             ... on level 11 of the Dungeon.
             The game lasted 00:33:48 (10480 turns).

Muataran the Fighter (Minotaur Berserker)          Turns: 10480, Time: 00:33:49

Health: -6/107     AC: 16    Str: 20    XL:     11   Next: 69%
Magic:  19/19      EV: 11    Int:  7    God:    Trog [*****.]
Gold:   544        SH: 12    Dex: 10    Spells: 10/10 levels left

rFire    + . .     SeeInvis .   H - +10 rapier of the Morning {speed, rF+}
rCold    + + .     Gourm    .   h - +0 buckler
rNeg     . . .     Faith    .   e - +3 scale mail {rC+}
rPois    +         Spirit   .   (helmet restricted)
rElec    .         Reflect  +   S - +0 cloak
rCorr    .         Harm     .   (no gloves)
MR       .....                  V - +1 pair of boots {Stlth+}
Stlth    ++........             g - amulet "Lerolleq" {Reflect MP+9 Str-5 Int+3 SH+6 Stlth+}
HPRegen  0.27/turn              N - ring of poison resistance
MPRegen  0.16/turn              k - ring of protection from cold

@: about to teleport, berserk cooldown, slowed, very slow
A: retaliatory headbutt, horns 2
a: Berserk, Trog's Hand, Brothers in Arms, Burn Spellbooks, Renounce Religion


You were on level 11 of the Dungeon.
You worshipped Trog.
Trog was extremely pleased with you.
You were very full.

You visited 1 branch of the dungeon, and saw 11 of its levels.

You collected 544 gold pieces.

Inventory:

Hand Weapons
 b - a +1 blowgun
 D - a +3 antimagic demon whip
 H - the +10 rapier of the Morning (weapon) {speed, rF+}
   (You found it on level 5 of the Dungeon)

   Attacks with this weapon are significantly faster.
   It protects you from fire.
 L - a +3 antimagic eveningstar
Missiles
 q - 26 poisoned needles
 u - 28 tomahawks (quivered)
Armour
 e - a +3 scale mail of cold resistance (worn)
 h - a +0 buckler (worn)
 S - a +0 cloak (worn)
 V - a +1 pair of boots of stealth (worn)
Jewellery
 g - the amulet "Lerolleq" (around neck) {Reflect MP+9 Str-5 Int+3 SH+6 Stlth+}
   (You found it on level 11 of the Dungeon)

   [amulet of reflection]

   It shields you and reflects attacks.
   It affects your strength (-5).
   It affects your intelligence (+3).
   It affects your magic capacity (+9).
   It affects your SH (+6).
   It makes you more stealthy.
 k - a ring of protection from cold (right hand)
 o - an uncursed ring of protection from fire
 N - a ring of poison resistance (left hand)
 W - an uncursed amulet of regeneration {unknown}
Wands
 s - a wand of iceblast (7/15)
 y - a wand of lightning (7/15)
 J - a wand of acid (3/15)
 P - a wand of digging (14/24)
 U - a wand of clouds (4/9)
Scrolls
 d - 2 scrolls of identify
 f - 3 scrolls of enchant armour
 j - 3 scrolls of enchant weapon
 m - 2 scrolls of noise {unknown}
 n - a scroll of magic mapping
 t - 2 scrolls of immolation {unknown}
 v - 5 scrolls of remove curse
 x - a scroll of fog {unknown}
 z - 2 scrolls of teleportation
 A - 6 scrolls of blinking
 C - 2 scrolls of fear
 F - 2 scrolls of random uselessness {unknown}
 G - 2 scrolls of amnesia {unknown}
 M - a scroll of summoning {unknown}
 R - a scroll of brand weapon {unknown}
Potions
 a - a potion of haste
 r - a potion of heal wounds
 w - 2 potions of flight
 K - 3 potions of curing
Comestibles
 c - 4 bread rations
 X - a chunk of flesh


   Skills:
 + Level 13.4 Fighting
   Level 0.0 Long Blades
 + Level 8.0 Maces & Flails
 + Level 13.2 Armour
 - Level 2.1 Dodging
 - Level 10.0 Shields


You had 10 spell levels left.
You didn't know any spells.

Dungeon Overview and Level Annotations

Branches:
Dungeon (11/15)            Temple (0/1) D:7            Lair (0/6) D:10
    Orc (0/2) D:9

Altars:
Cheibriados
Hepliaklqana
Okawaru

Shops:
D:5 %


Innate Abilities, Weirdness & Mutations

You reflexively headbutt those who attack you in melee.
You have a pair of horns on your head.


Message History

* * * LOW HITPOINT WARNING * * *
The eight-headed hydra bites you!
* * * LOW HITPOINT WARNING * * *
The eight-headed hydra closely misses you.
You puncture the eight-headed hydra!
The eight-headed hydra is lightly wounded.
The centaur closely misses you. x2; You furiously retaliate!
You headbutt the centaur!
The centaur hits you but does no damage.
The centaur hits you.
* * * LOW HITPOINT WARNING * * *
The centaur hits you but does no damage.
The eight-headed hydra barely misses you.
You furiously retaliate!
You headbutt the eight-headed hydra! The eight-headed hydra bites you.
* * * LOW HITPOINT WARNING * * *
The eight-headed hydra completely misses you.
You block the eight-headed hydra's attack.
The eight-headed hydra bites you!
You die...

#.......#
#.......#
###.......#
.........#
#.......#
#...c...#
#>.ccc..#
#..c@D..#
#########


You could see an eight-headed hydra and 5 centaurs.

Vanquished Creatures
  3 death yaks (D:10)
  Nergalle (D:9)
  Pikel (D:8)
  A centaur zombie (D:10)
  A gargoyle (D:10)
  Joseph (D:7)
  A queen bee (D:8)
  2 trolls
  A hippogriff (D:10)
  Sigmund (D:2)
  A wyvern (D:7)
  2 humans (D:11)
  Menkaure (D:4)
  A water moccasin (D:4)
  2 porcupines (D:10)
  7 orc warriors
  3 ice beasts
  2 sky beasts
  4 phantoms
  2 black bears
  11 ogres
  4 centaurs
  7 bullfrogs
  3 big kobolds
  A wyvern zombie (D:7)
  4 gnoll sergeants
  2 scorpions
  5 wights (D:7)
  35 killer bees
  3 howler monkeys
  2 crimson imps
  A bullfrog zombie (D:10)
  3 hounds
  A bullfrog skeleton (D:5)
  Crazy Yiuf (D:7)
  3 centaur skeletons
  8 orc priests
  2 jellies
  2 iguanas
  10 worker ants
  11 orc wizards
  A hound zombie (D:10)
  A hound skeleton (D:6)
  A howler monkey skeleton (D:4)
  10 gnolls
  A river rat (D:10)
  12 adders
  A shadow imp (D:6)
  An adder skeleton (D:7)
  2 worms
  2 dart slugs (D:1)
  3 leopard geckos
  47 orcs
  2 giant cockroaches
  7 goblins
  4 hobgoblins
  8 jackals
  6 quokkas
  8 bats
  4 frilled lizards
  17 kobolds
  A leopard gecko skeleton (D:9)
  A leopard gecko zombie (D:6)
  A quokka skeleton (D:4)
  5 rats
303 creatures vanquished.

Vanquished Creatures (others)
  A scorpion (D:8)
  A hound (D:8)
  A leopard gecko (D:8)
3 creatures vanquished.

Grand Total: 306 creatures vanquished

Notes
Turn   | Place    | Note
-------+----------+-------------------------------------------
     0 | D:1      | Muataran the Minotaur Berserker began the quest for the Orb.
     0 | D:1      | Reached XP level 1. HP: 19/19 MP: 0/0
   135 | D:1      | Reached XP level 2. HP: 23/27 MP: 1/1
   657 | D:2      | Reached XP level 3. HP: 33/33 MP: 2/2
   663 | D:2      | Reached ** piety under Trog
  1069 | D:2      | Noticed Sigmund
  1074 | D:2      | Killed Sigmund
  1074 | D:2      | Reached skill level 5 in Fighting
  1074 | D:2      | Reached skill level 5 in Maces & Flails
  1074 | D:2      | Reached XP level 4. HP: 42/42 MP: 3/3
  1074 | D:2      | Reached XP level 5. HP: 48/48 MP: 4/4
  1485 | D:3      | Reached XP level 6. HP: 48/56 MP: 5/5
  1856 | D:3      | Reached *** piety under Trog
  2465 | D:4      | Reached skill level 5 in Armour
  2656 | D:4      | Reached XP level 7. HP: 59/62 MP: 6/6
  2733 | D:4      | Noticed Menkaure
  2740 | D:4      | Killed Menkaure
  3018 | D:5      | Entered Level 5 of the Dungeon
  3018 | D:5      | Found a snail-covered altar of Cheibriados.
  3500 | D:5      | Reached XP level 8. HP: 67/71 MP: 7/7
  3502 | D:5      | Reached skill level 5 in Shields
  3774 | D:5      | Found Huisood's Food Shoppe.
  4130 | D:5      | Got a pitted rapier
  4135 | D:5      | Identified the +10 rapier of the Morning {speed, rF+} (You found it on level 5 of the Dungeon)
  4458 | D:6      | Reached **** piety under Trog
  4867 | D:6      | Reached XP level 9. HP: 81/81 MP: 8/8
  5778 | D:7      | Noticed Joseph
  5791 | D:7      | Killed Joseph
  5976 | D:7      | Found a staircase to the Ecumenical Temple.
  5985 | D:7      | Reached ***** piety under Trog
  6135 | D:7      | Found a runed door.
  6197 | D:7      | Noticed Crazy Yiuf
  6201 | D:7      | Killed Crazy Yiuf
  6201 | D:7      | Reached XP level 10. HP: 93/93 MP: 9/9
  6361 | D:8      | Reached skill level 10 in Fighting
  6456 | D:8      | Reached skill level 10 in Armour
  6468 | D:8      | Received a gift from Trog
  6479 | D:8      | Noticed Pikel
  6480 | D:8      | HP: 4/93 [poisoned by a killer bee]
  6844 | D:8      | Killed Pikel
  6918 | D:8      | Reached skill level 10 in Shields
  7917 | D:9      | Found a staircase to the Orcish Mines.
  8291 | D:9      | Found a hazy altar of Hepliaklqana.
  8387 | D:9      | Reached XP level 11. HP: 104/104 MP: 10/10
  8546 | D:10     | Entered Level 10 of the Dungeon
  8546 | D:10     | Noticed Nergalle
  8566 | D:9      | Killed Nergalle
  9110 | D:10     | Noticed a death yak
  9113 | D:10     | Noticed a death yak
  9114 | D:10     | Noticed a death yak
  9121 | D:10     | Killed a death yak
  9127 | D:10     | Killed a death yak
  9139 | D:10     | Killed a death yak
  9144 | D:10     | Found a staircase to the Lair.
  9383 | D:10     | Received a gift from Trog
 10183 | D:10     | Found the +4 arc blade {discharge, rElec}
 10306 | D:11     | Found an iron altar of Okawaru.
 10349 | D:11     | Got a scorched silver amulet
 10351 | D:11     | Identified the amulet "Lerolleq" {Reflect MP+9 Str-5 Int+3 SH+6 Stlth+} (You found it on level 11 of the Dungeon)
 10444 | D:11     | Noticed an ogre mage
 10444 | D:11     | Noticed a two-headed ogre
 10444 | D:11     | Noticed a two-headed ogre
 10444 | D:11     | Noticed a two-headed ogre
 10464 | D:11     | HP: 3/160 [two-headed ogre/giant club (13)]
 10477 | D:11     | Noticed an eight-headed hydra
 10480 | D:11     | Mangled by an eight-headed hydra

Vault maps used:
D:1:      wheals_arrival_shading
D:2:      first_bread, uniq_sigmund
D:3:      cheibrodos_thug_alley, palyth_stone_intersect, due_unseen_surprise
D:4:      uniq_menkaure
D:5:      serial_shops, shop, basic_altar
D:7:      minmay_temple_entry_fiery, uniq_joseph, uniq_crazy_yiuf_cottage
D:8:      david_nohive_1, uniq_pikel
D:9:      kennysheep_little_box, kennysheep_orc_monster_closet_entryway,
          minmay_misc_feat_hallway
D:10:     dpeg_lair_monsters, uniq_nergalle
D:11:     okawaru_humans

Skill      XL: |  1  2  3  4  5  6  7  8  9 10 11 |
---------------+----------------------------------+-----
Maces & Flails | 4 5 6 7 8 |  8.0
Armour         | 3 4 5 6 7 9 11 13 | 13.2
Fighting       | 4 5 6 8 9 11 13 | 13.4
Shields        | 2 3 4 6 9 10 | 10.0
Dodging        | |  2.1

Action                   |  1- 3 |  4- 6 |  7- 9 | 10-12 || total
-------------------------+-------+-------+-------+-------++-------
Melee: Mace              |    76 |   138 |   128 |       ||   342
       Headbutt          |    13 |    23 |    55 |    63 ||   154
       Rapier            |       |       |   166 |   348 ||   514
       Eveningstar       |       |       |       |     8 ||     8
 Fire: Blowgun           |       |     9 |       |       ||     9
Invok: Berserk           |     2 |     1 |     9 |     6 ||    18
       Trog's Hand       |       |       |     2 |       ||     2
       Burn Spellbooks   |       |       |       |     1 ||     1
  Use: Scroll            |       |       |     3 |    16 ||    19
       Potion            |       |       |       |     3 ||     3
  Eat: Chunk             |     1 |     5 |    18 |    21 ||    45
       Meat ration       |       |     1 |       |       ||     1
       Royal jelly       |       |       |     2 |       ||     2
       Bread ration      |       |       |     1 |       ||     1
Armor: Chain mail        |    23 |    70 |   124 |    45 ||   262
       Ring mail         |     3 |       |       |       ||     3
       Animal skin       |     2 |       |       |       ||     2
       Scale mail        |       |       |       |   134 ||   134
Dodge: Dodged            |    44 |    63 |    90 |   181 ||   378
Block: Buckler           |     3 |    28 |    50 |   114 ||   195

Table legend:
 A = Spawn XP
 B = Non-spawn XP
 C = Spawn XP percentage of total XP
 D = Spawn monster count
 E = Non-spawn monster count
 F = Spawn count percentage of total count
 G = Total turns spent on level
                    A         B        C        D         E        F      G
               +---------+---------+-------+---------+---------+-------+---------
         Total |       0 |   18567 |   0.0 |       0 |     303 |   0.0 | 10480
               +---------+---------+-------+---------+---------+-------+---------
           D:1 |       0 |      29 |   0.0 |       0 |      17 |   0.0 |   654
           D:2 |       0 |     296 |   0.0 |       0 |      18 |   0.0 |   772
           D:3 |       0 |     319 |   0.0 |       0 |      34 |   0.0 |  1004
           D:4 |       0 |     551 |   0.0 |       0 |      12 |   0.0 |  1160
           D:5 |       0 |     821 |   0.0 |       0 |      27 |   0.0 |   572
           D:6 |       0 |     977 |   0.0 |       0 |      20 |   0.0 |  1153
           D:7 |       0 |    2566 |   0.0 |       0 |      49 |   0.0 |   930
           D:8 |       0 |    2972 |   0.0 |       0 |      42 |   0.0 |  1554
           D:9 |       0 |    3360 |   0.0 |       0 |      38 |   0.0 |  1197
          D:10 |       0 |    6050 |   0.0 |       0 |      40 |   0.0 |  1296
          D:11 |       0 |     626 |   0.0 |       0 |       6 |   0.0 |   188
               +---------+---------+-------+---------+---------+-------+---------
